 Dungeon Crawl Stone Soup version 0.31-a0-365-gcf821cafb2 (webtiles) character file.

Game seed: 17157626128551651158

33 cforsyth the Charlatan (level 3, -1/28 HPs)
             Began as a Gnoll Artificer on July 27, 2023.
             Slain by a hobgoblin (5 damage)
             ... led by Robin
             ... on level 2 of the Dungeon.
             The game lasted 00:01:27 (1437 turns).

cforsyth the Charlatan (Gnoll Artificer)            Turns: 1437, Time: 00:01:27

Health: -1/28      AC:  3    Str: 11    XL:     3   Next: 29%
Magic:  4/4        EV: 12    Int: 12    God:
Gold:   60         SH:  0    Dex: 12    Spells: 3/3 levels left

rFire   . . .        a - +0 club
rCold   . . .        (no shield)
rNeg    . . .        b - +0 leather armour
rPois   +            (no helmet)
rElec   .            (no cloak)
rCorr   .            (no gloves)
SInv    .            (no boots)
Will    .....        (no amulet)
Stlth   ++           g - ring of poison resistance
HPRegen 0.24/turn    (no ring)
MPRegen 0.09/turn

%: no passive effects
@: no status effects
A: fangs 1, strong nose, distributed training
a: no special abilities


You were on level 2 of the Dungeon.
You visited 1 branch of the dungeon, and saw 2 of its levels.

You collected 60 gold pieces.

Inventory:

Hand Weapons
 a - a +0 club (weapon)
Armour
 b - a +0 leather armour (worn)
Jewellery
 g - a ring of poison resistance (left hand)
Wands
 c - a wand of flame (15) (quivered)
 d - a wand of charming (15)
 e - a wand of iceblast (5)
Scrolls
 i - 2 scrolls of identify {unknown}
 k - a scroll of immolation {unknown}
 l - a scroll of blinking {unknown}
Potions
 f - a potion of haste {unknown}
 h - a potion of curing {unknown}
 j - a potion of enlightenment {unknown}


   Skills:
 + Level 2.6 Fighting
 + Level 0.7 Short Blades
 + Level 0.7 Long Blades
 + Level 0.7 Axes
 + Level 0.7 Maces & Flails
 + Level 0.7 Polearms
 + Level 0.7 Staves
 + Level 0.7 Ranged Weapons
 + Level 0.7 Throwing
 + Level 4.5 Armour
 + Level 2.6 Dodging
 + Level 2.3 Stealth
 + Level 0.7 Shields
 + Level 0.7 Unarmed Combat
 + Level 0.7 Spellcasting
 + Level 0.5 Conjurations
 + Level 0.5 Hexes
 + Level 0.5 Summonings
 + Level 0.5 Necromancy
 + Level 0.5 Translocations
 + Level 0.5 Transmutations
 + Level 0.5 Fire Magic
 + Level 0.5 Ice Magic
 + Level 0.5 Air Magic
 + Level 0.5 Earth Magic
 + Level 0.5 Poison Magic
 + Level 0.9 Invocations
 + Level 6.5 Evocations
 + Level 0.5 Shapeshifting


You had 3 spell levels left.
You didn't know any spells.
Your spell library contained the following spells:

 Spells                   Type           Power      Damage    Failure   Level
 Cigotuvi's Dreadful Rot  Necr/Pois/Air  2%         N/A       43%         2
 Ignite Poison            Fire/Tmut/Pois 1%         N/A       67%         3
 Freezing Cloud           Conj/Ice/Air   0%         6-21      100%        5


Dungeon Overview and Level Annotations

Branches:
Dungeon (2/15)

Altars:

Shops:
D:1 (

Annotations:
D:2 Robin


Innate Abilities, Weirdness & Mutations

You have very sharp teeth.
Your uncanny sense of smell can sniff out nearby items.
Your experience applies equally to all skills.


Message History

A dart slug is nearby! 2 hobgoblins and 3 goblins come into view.
The goblin shouts! x2; You hear a shout!
The goblin shouts!
You hear a shout!
Robin, a goblin and 2 hobgoblins come into view.
The goblin shouts!
Robin shouts!
The goblin hits you but does no damage.
The hobgoblin shouts!
You barely miss the goblin.
The hobgoblin shouts!
Your bite misses the goblin. The dart slug launches a dart at you.
The slug dart hits you.
You hit the goblin. You punch the goblin.
You kill the goblin!
You hit the dart slug but do no damage. The hobgoblin hits you.
Robin roars a battlecry!
The goblins go into a battle-frenzy!
The goblin closely misses you. The dart slug launches a dart at you.
The slug dart hits you. The goblin barely misses you.
You hit the dart slug but do no damage.
The hobgoblin hits you but does no damage.
The goblin hits you with a +0 dagger. The goblin barely misses you.
The dart slug closely misses you.
You barely miss the dart slug. The hobgoblin hits you.
The goblin barely misses you.
Robin says, "Bow before me, strongest of all the hobgoblins!"
The goblin hits you with a +0 club. The dart slug bites you.
* * * LOW HITPOINT WARNING * * *
You are too injured to fight recklessly!
You are too injured to fight recklessly!
You are too injured to fight recklessly!
You are too injured to fight recklessly!
You are too injured to fight recklessly!
You are too injured to fight recklessly!
The goblin attacks as you move away! The goblin hits you but does no damage.
The hobgoblin hits you.
* * * LOW HITPOINT WARNING * * *
The hobgoblin attacks as you move away! The hobgoblin hits you.
You die...

#.# ##..#..##
#>####...#...#
#......#####.#
######...#...#
##..#.###
#....#
#######.#.##
...(......#
#######@###
##g## ∆


#wgg# ∆ #.g.g.....# #....g#g#.# #.#..## .. #.###. .# .. # # ... You could see a
dart slug, 3 hobgoblins and 3 goblins.

Vanquished Creatures
  A worm (D:2)
  2 dart slugs (D:1)
  2 endoplasms (D:1)
  3 giant cockroaches
  A goblin (D:2)
  A hobgoblin (D:1)
  6 quokkas
  2 ball pythons
  A bat (D:1)
  A frilled lizard (D:1)
  4 rats (D:1)
24 creatures vanquished.

Notes
Turn   | Place    | Note
-------+----------+-------------------------------------------
     0 | D:1      | cforsyth the Gnoll Artificer began the quest for the Orb.
     0 | D:1      | Reached XP level 1. HP: 17/17 MP: 1/1
   378 | D:1      | Found Wuitsorph's Antique Weapon Emporium.
   392 | D:1      | Reached XP level 2. HP: 17/23 MP: 2/2
   970 | D:1      | Reached XP level 3. HP: 22/28 MP: 3/3
  1429 | D:2      | Noticed Robin
  1437 | D:2      | Slain by a hobgoblin

Illustrated notes

Levels and vault maps discovered:
D:1:      minmay_arrival_diagonal_passages, layout_basic, serial_shops,
          nicolae_shop_pleasant_corner_grove, nrook_mini_backslash
D:2:      layout_loops_ring, uniq_robin

Action                     || total
---------------------------++-------
  Melee: Club              ||   149
         Bite              ||    19
         Punch             ||     5
   Stab: Sleeping          ||     2
 Armour: Leather armour    ||    32
  Dodge: Dodged            ||   106

Table legend: (Time is in decaauts)
 A = Elapsed time spent in this place.
 B = Non-inter-level travel time spent in this place.
 C = Inter-level travel time spent in this place.
 D = Time resting spent in this place.
 E = Time spent auto-exploring this place.
 F = Levels seen in this place.
 G = Mean time per level.
                   A        B        C        D        E       F      G
               +--------+--------+--------+--------+--------+-----+--------+
         Total |   1478 |   1453 |     25 |      4 |   1117 |   2 |  739.0 |
       Dungeon |   1478 |   1453 |     25 |      4 |   1117 |   2 |  739.0 |
               +--------+--------+--------+--------+--------+-----+--------+

Top non-repeatable levels by time:
     D:1: 1180 daAuts
     D:2: 297 daAuts
